AoeStats
← [CL] Al3jandr0.magn00

Arabia

507515628Analyzed
1v1 RM · 13d ago on Sep 18, 2026· 43m 29s· 2 players
Game mode
Random Map
Map size
Tiny (2 player)
Population
200
Speed
Normal
Resources
Standard
Victory
Conquest
Starting age
Dark Age
Ending age
Imperial Age
RankedLock teamsTeams togetherTeam positionsShared explorationLock speedFull tech treeHidden civsTurbo modeCheats
Victory
Defeat
🇦🇷 Cumans · Argentina
1910
+11
🇦🇹 Aztecs · Austria
1803
-11
Black Lotus
5:30 Loom
13:33 Feudal Age
17:28 Castle Age
15:54 Double-Bit Axe
17:12 Gold Mining
18:04 Scale Mail Armor
18:12 Eagle Warrior
19:12 Forging
20:46 Gold Shaft Mining
22:11 Sanctity
23:40 Squires
26:41 Fervor
30:41 Redemption
35:27 Imperial Age
33:11 Fletching
33:59 Crossbowman
34:45 Bodkin Arrow
35:16 Ballistics
35:56 Wheelbarrow
35:07 Town Watch
36:11 Bracer
37:56 Block Printing
38:59 Iron Casting
40:53 Theocracy
[CL] Al3jandr0.magn00
6:11 Loom
9:57 Feudal Age
10:32 Double-Bit Axe
11:28 Horse Collar
16:29 Town Watch
22:13 Castle Age
20:18 Fletching
32:52 Forging
34:43 Wheelbarrow
34:18 Bow Saw
34:32 Bloodlines
39:05 Imperial Age
38:37 Scale Barding Armor
38:53 Heavy Plow
38:45 Gold Mining
39:16 Cavalier
40:17 Chain Barding Armor
43:10 Plate Barding Armor
Connection lost

Rejoining the realm…

Still unreachable

The connection could not be restored.

Session expired

The server has moved on; the page needs a fresh start.